Unix NetHack Version 5.0.0-0 post-release - last build May 23 2026 06:08:33 (1c0ff79ee797540d5714e4e18072db0edd9e58ae,branch:main).

Game began 2026-05-29 08:45:20, ended 2026-05-29 10:52:04.

FutureTim, lawful female human Valkyrie

                                                   -----
                                                 ##-..)PP
                                                 # |...|@
                                                   |{..|#
                                                   +...|#    ------------
                                                   -----#### |.....<..^.|
                                                           # |..........|
                                                           ##-.....^....|
                                                             ------------

FutureTim the Skirmisher    St:17 Dx:12 Co:18 In:12 Wi:10 Ch:10  Lawful
Dlvl:4  $:47 HP:0(43) Pw:16(16) AC:1  Xp:4 T:1759  Satiated

Latest messages:
 The door opens.
 This door is locked.
 This door is locked.
 This door is locked.
 In what direction? 4
 As you kick the door, it crashes open!
 The goblin thrusts his orcish dagger.
 The goblin misses!
 You kill the goblin!
 f - an orcish helm.
 What do you want to wear? [*] f
 You are already wearing a helm.
 There is a slime mold here; eat it? [ynq] (n) y
 My, this is a yummy slime mold!
 You're having a hard time getting all of it down.
 The door opens.
 In what direction? 4
 A black ooze gushes up from the drain!
 You miss the black pudding.
 The black pudding divides as you hit it!
 Your hands no longer glow so brightly red.
 The black pudding appears confused.
 Your spear corrodes!
 The black pudding bites!
 Your banded mail corrodes!
 The black pudding divides as you hit it!
 Your spear corrodes further!
 The black pudding bites!
 Your orcish helm corrodes!
 The black pudding bites the black pudding.
 The black pudding divides as you hit it!
 Your hands no longer glow so brightly red.
 The black pudding appears confused.
 It misses the black pudding.
 You miss the black pudding.
 It bites the black pudding.
 You kill the black pudding!
 Welcome to experience level 4.
 Your spear corrodes completely!
 It misses the black pudding.
 You miss the black pudding.
 The black pudding divides as you hit it!
 Your hands no longer glow so brightly red.
 The black pudding appears confused.
 The black pudding bites!
 Your banded mail corrodes further!
 The black pudding bites!
 Your banded mail corrodes completely!
 You die...
 Do you want your possessions identified? [ynq] (y) q

Inventory:
 Coins    ('$')
  $ - 47 gold pieces
 Weapons  (')')
  b - a +0 dagger (alternate weapon; not wielded)
  a - a blessed thoroughly corroded +1 spear (weapon in right hand)
 Armor    ('[')
  f - an uncursed +0 orcish helm
  j - an uncursed corroded +0 orcish helm (being worn)
  c - an uncursed +3 small shield (being worn)
  e - an uncursed thoroughly corroded +0 banded mail (being worn)
 Comestibles  ('%')
  d - 2 uncursed food rations
 Wands    ('/')
  i - a wand of digging (0:5)
 Tools    ('(')
  l - a blessed oil lamp

FutureTim the Valkyrie's attributes:

Background:
 You were a Skirmisher, a level 4 human Valkyrie.
 You were lawful, on a mission for Tyr
 who was opposed by Odin (neutral) and Loki (chaotic).
 You were right-handed.
 You were in the Dungeons of Doom, on level 4.
 You entered the dungeon 1759 turns ago.
 You had 159 experience points, 1 more was needed to attain level 5.

Basics:
 You had 0 out of 43 hit points.
 You had all 16 energy points (spell power).
 Your armor class was 3.
 Your wallet contained 47 zorkmids.
 Autopickup was off.

Final Characteristics:
 Your strength was 17 (limit:18/100).
 Your dexterity was 12 (limit:18).
 Your constitution was 18 (limit:18).
 Your intelligence was 12 (limit:18).
 Your wisdom was 10 (limit:18).
 Your charisma was 10 (limit:18).

Final Status:
 You were satiated.
 You were unencumbered.
 You were wielding a spear.
 You had basic skill with spear.

Final Attributes:
 You were devoutly aligned.
 You were cold resistant.
 You would have confused monsters when hitting them.
 You were stealthy.
 You were warded.
 You are dead.

Miscellaneous:
 You didn't encounter any bones levels.
 Total elapsed playing time was 43 minutes and 24 seconds.

Major events:
 Turn
    1: FutureTim the lawful human Valkyrie entered the dungeon
 1598: attained the rank of Skirmisher (level 3)
 1759: killed by a black pudding

You didn't know any spells.

Skills:
 Fighting Skills
   bare handed combat [Unskilled]
   two weapon combat  [Unskilled]
   riding             [Unskilled]
 Weapon Skills
   dagger             [Basic]
   axe                [Unskilled]
   pick-axe           [Unskilled]
   short sword        [Unskilled]
   broadsword         [Unskilled]
   long sword         [Unskilled]
   two-handed sword   [Unskilled]
   saber              [Unskilled]
   hammer             [Unskilled]
   quarterstaff       [Unskilled]
   polearms           [Unskilled]
   spear              [Basic]
   trident            [Unskilled]
   lance              [Unskilled]
   sling              [Unskilled]
 Spellcasting Skills
   attack spells      [Unskilled]
   escape spells      [Unskilled]

Voluntary challenges:
 Character rerolling was not enabled.
 You never genocided any monsters.
 You never polymorphed an object.
 You never changed form.
 You used no wishes.
Achievement:
 You attained the rank of Skirmisher.

 The Dungeons of Doom: levels 1 to 4
    Level 1:
       Some fountains.
    Level 2:
       A fountain.
    Level 3:
       A sink.
    Level 4: <- You were here.
       A sink.
       Final resting place for
          you, killed by a black pudding.


Vanquished creatures:
  a black pudding
  a brown mold
  2 green molds
  3 jackals
  a fox
  3 goblins
  3 sewer rats
 10 grid bugs
  3 lichens
  a kobold zombie
  5 newts
33 creatures vanquished.

No species were genocided or became extinct.

Game over:
                       ----------
                      /          \
                     /    REST    \
                    /      IN      \
                   /     PEACE      \
                  /                  \
                  |    FutureTim     |
                  |      47 Au       |
                  |   killed by a    |
                  |  black pudding   |
                  |                  |
                  |                  |
                  |       2026       |
                 *|     *  *  *      | *
        _________)/\\_//(\/(/\)/\//\/|_)_______

Farvel FutureTim the Valkyrie...

You died in The Dungeons of Doom on dungeon level 4 with 1071 points,
and 47 pieces of gold, after 1759 moves.
You were level 4 with a maximum of 43 hit points when you died.

